 Dungeon Crawl Stone Soup version 0.27-a0-3-gcf006a40f5 (webtiles) character file.

Game seed: 2144286694124290580

685 jestyr24 the Cleaver (level 7, -5/61 HPs)
             Began as a Hill Orc Abyssal Knight on Jan 2, 2021.
             Was a Believer of Lugonu.
             Slain by Prince Ribbit (8 damage)
             ... on level 5 of the Dungeon.
             The game lasted 00:20:00 (4872 turns).

jestyr24 the Cleaver (Hill Orc Abyssal Knight)      Turns: 4872, Time: 00:20:01

Health: -5/61      AC: 12    Str: 17    XL:     7   Next: 62%
Magic:  9/9        EV: 12    Int: 12    God:    Lugonu [**....]
Gold:   189        SH:  0    Dex: 10    Spells: 6/6 levels left

rFire    + + .     SeeInvis .   b - +1 war axe of Liwnaoz {protect, rF++ rC-}
rCold    x . .     Faith    .   (no shield)
rNeg     . . .     Spirit   .   c - +3 leather armour
rPois    .         Reflect  .   (no helmet)
rElec    .         Harm     .   (no cloak)
rCorr    +         Rampage  .   (no gloves)
Will     .....                  d - +1 pair of boots
Stlth    +.........             (no amulet)
HPRegen  0.20/turn              m - +4 ring of protection
MPRegen  0.11/turn              C - ring of resist corrosion

@: mighty
A: no striking features
a: Renounce Religion, Depart the Abyss, Bend Space


You were on level 5 of the Dungeon.
You worshipped Lugonu.
Lugonu was pleased with you.
You visited 1 branch of the dungeon, and saw 5 of its levels.
You visited the Abyss 1 time.

You collected 384 gold pieces.
You spent 195 gold pieces at shops.

Inventory:

Hand Weapons
 a - a +1 hand axe
 b - the +1 war axe of Liwnaoz (weapon) {protect, rF++ rC-}
   (You bought it in a shop on level 5 of the Dungeon)

   It grants its wielder temporary protection when it strikes (+7 to AC).
   It greatly protects you from fire.
   It makes you vulnerable to cold.
 u - a +1 falchion of holy wrath
 w - a +4 flail
 E - a +0 war axe
Missiles
 j - 13 poisoned darts
 A - 3 boomerangs
 B - 2 javelins
Armour
 c - a +3 leather armour (worn)
 d - a +1 pair of boots (worn)
Jewellery
 g - an uncursed ring of flight
 m - a +4 ring of protection (left hand)
 o - an uncursed ring of protection from fire
 C - a ring of resist corrosion (right hand)
Wands
 h - a wand of polymorph (2)
Scrolls
 e - 4 scrolls of remove curse
 k - a scroll of amnesia
 q - 5 scrolls of teleportation
 v - 3 scrolls of identify
 y - a scroll of fog
Potions
 i - a potion of curing
 l - a potion of brilliance
 t - 2 potions of degeneration {unknown}
 z - a potion of lignification {unknown}


   Skills:
 + Level 5.2 Fighting
 + Level 8.2 Axes
 + Level 3.8 Armour
 - Level 2.1 Dodging
 - Level 1.0 Unarmed Combat
 - Level 3.2 Invocations


You had 6 spell levels left.
You didn't know any spells.
Your spell library contained the following spells:

 Spells                   Type           Power        Failure   Level
 Animate Skeleton         Necr           0%           36%         1
 Apportation              Tloc           0%           36%         1
 Corona                   Hex            0%           36%         1
 Summon Small Mammal      Summ           0%           36%         1


Dungeon Overview and Level Annotations

Branches:
Dungeon (5/15)
 Temple: D:4-7

Altars:
Ashenzari
Dithmenos
Nemelex Xobeh
Qazlal

Shops:
D:5 *

Annotations:
D:5 Prince Ribbit


Message History

You feel less confused.
Prince Ribbit winks and puckers his lips.
Prince Ribbit barely misses you.
Prince Ribbit blinks!
You see here a chain mail.
Prince Ribbit hits you!
* * * LOW HITPOINT WARNING * * *
You hit Prince Ribbit.
Your weapon exudes an aura of protection.
Prince Ribbit is heavily wounded.
Prince Ribbit closely misses you. x2
You closely miss Prince Ribbit.
Prince Ribbit is heavily wounded.
Prince Ribbit closely misses you.
You miss Prince Ribbit.
Prince Ribbit is heavily wounded.
Prince Ribbit barely misses you. Prince Ribbit closely misses you.
It was a potion of might.
You feel very mighty all of a sudden. Prince Ribbit hits you!
You die...

****** *,,,>* ########
***,*,,, #......#
*,,,*,,* #......#
*,,,+,,,
#..=..F#########,,,****
#.....@........+,,,,,,,
#..!...........#,,,****
#.......[......#,,,*,,,
######.........#,,,*,*,
#............#,,,*,*,
#.###.########,,,*,*,
#.# #........,,,,*,*,
#.#############,**,*,
#.#....####...#,**,,,


You could see Prince Ribbit.

Vanquished Creatures
  Sigmund (D:3)
  A sky beast (D:5)
  A hound (D:4)
  A gnoll shaman (D:4)
  Jessica (D:2)
  A bullfrog skeleton (D:4)
  Terence (D:3)
  An iguana (D:5)
  An orc wizard (D:4)
  A worker ant (D:4)
  Robin (D:2)
  3 gnolls (D:4)
  6 adders
  An ufetubus (Abyss:1)
  An ooze (D:2)
  An adder skeleton (D:3)
  A worm (D:4)
  6 dart slugs
  A leopard gecko (D:3)
  14 orcs
  2 ball pythons (D:3)
  4 giant cockroaches
  14 goblins
  10 hobgoblins
  2 jackals (D:2)
  4 kobolds
  9 bats
  3 frilled lizards
  3 rats
96 creatures vanquished.

Notes
Turn   | Place    | Note
-------+----------+-------------------------------------------
     0 | Abyss:1  | jestyr24 the Hill Orc Abyssal Knight began the quest for
                  | the Orb.
     0 | Abyss:1  | Reached XP level 1. HP: 19/19 MP: 2/2
   130 | Abyss:1  | Reached skill level 3 in Axes
   321 | Abyss:1  | Found a basalt altar of Yredelemnul.
   355 | Abyss:2  | Noticed a golden eye
   357 | Abyss:2  | Noticed a golden eye
   417 | Abyss:3  | Noticed a wretched star
   420 | D:1      | Escaped the Abyss
   467 | D:1      | Reached XP level 2. HP: 24/26 MP: 3/3
   870 | D:1      | Reached skill level 4 in Axes
  1312 | D:2      | Noticed Robin
  1321 | D:1      | Reached skill level 1 in Dodging
  1321 | D:1      | Reached XP level 3. HP: 22/33 MP: 4/4
  1511 | D:2      | Killed Robin
  1516 | D:2      | Reached * piety under Lugonu
  1525 | D:2      | Reached XP level 4. HP: 5/40 MP: 4/6
  1784 | D:2      | Found a sparkling altar of Nemelex Xobeh.
  1917 | D:2      | Reached skill level 1 in Unarmed Combat
  2085 | D:2      | Noticed Jessica
  2101 | D:2      | Killed Jessica
  2102 | D:2      | Reached XP level 5. HP: 25/46 MP: 7/7
  2408 | D:2      | Found a stormy altar of Qazlal.
  2696 | D:3      | Reached ** piety under Lugonu
  2702 | D:3      | Found a shadowy altar of Dithmenos.
  2747 | D:3      | Reached skill level 5 in Axes
  2971 | D:3      | Noticed Terence
  2991 | D:3      | Killed Terence
  3078 | D:3      | Noticed Sigmund
  3111 | D:3      | Killed Sigmund
  3112 | D:3      | Reached skill level 6 in Axes
  3112 | D:3      | Reached XP level 6. HP: 29/53 MP: 8/8
  3430 | D:4      | Found a broken altar of Ashenzari.
  3665 | D:4      | Reached skill level 7 in Axes
  3665 | D:4      | Reached XP level 7. HP: 43/60 MP: 9/9
  4210 | D:4      | Reached skill level 5 in Fighting
  4425 | D:5      | Entered Level 5 of the Dungeon
  4799 | D:5      | Found Cycumeoh's Assorted Antiques.
  4820 | D:5      | Bought an ivory war axe for 195 gold pieces
  4820 | D:5      | Identified the +1 war axe of Liwnaoz {protect, rF++ rC-}
                  | (You bought it in a shop on level 5 of the Dungeon)
  4834 | D:5      | Noticed Prince Ribbit
  4847 | D:5      | Reached skill level 8 in Axes
  4868 | D:5      | HP: 2/61 [Prince Ribbit (16)]
  4872 | D:5      | Slain by Prince Ribbit

Illustrated notes

Levels and vault maps discovered:
D:1:      dpeg_arrival_rooms_a, layout_loops_ring, serial_park_tiny_2,
          grunt_decor_cap, minmay_ruptured
D:2:      layout_rooms, lemuel_coloured_pillars_altar,
          overflow_temple_1_default, uniq_robin, uniq_jessica
D:3:      layout_basic, grunt_dithmenos_smoke_and_mirrors, uniq_terence,
          uniq_sigmund
D:4:      layout_loops_ring, nicolae_ashenzari_panopticon
D:5:      minmay_clustersquares, layout_basic, serial_shops,
          nicolae_shop_window_shopping, uniq_prince_ribbit1

Skill      XL: |  1  2  3  4  5  6  7 |
---------------+----------------------+-----
Axes           | 3 4 6 7 8 |  8.2
Dodging        | 1 2 |  2.1
Unarmed Combat | 1 |  1.0
Invocations    | 3 |  3.2
Fighting       | 4 5 |  5.2
Armour         | 3 |  3.8

Action                   |  1- 3 |  4- 6 |  7- 9 || total
-------------------------+-------+-------+-------++-------
Melee: Hand axe          |    58 |   205 |    65 ||   328
       Unarmed           |    21 |       |       ||    21
       Punch             |       |     1 |     1 ||     2
       War axe           |       |       |    22 ||    22
Invok: Depart the Abyss  |     1 |       |       ||     1
       Bend Space        |       |     2 |       ||     2
  Use: Potion            |     1 |     2 |     3 ||     6
       Scroll            |     1 |       |     9 ||    10
Armor: Leather armour    |    25 |    91 |    22 ||   138
       Skin              |    22 |       |       ||    22
Dodge: Dodged            |   130 |   132 |    58 ||   320

Table legend: (Time is in decaauts)
 A = Elapsed time spent in this place.
 B = Non-inter-level travel time spent in this place.
 C = Inter-level travel time spent in this place.
 D = Time resting spent in this place.
 E = Time spent auto-exploring this place.
 F = Levels seen in this place.
 G = Mean time per level.
                   A        B        C        D        E       F      G
               +--------+--------+--------+--------+--------+-----+--------+
         Total |   4876 |   4715 |    161 |    958 |   2559 |   8 |  609.5 |
       Dungeon |   4456 |   4295 |    161 |    797 |   2420 |   5 |  891.2 |
         Abyss |    420 |    420 |      0 |    161 |    139 |   3 |  140.0 |
               +--------+--------+--------+--------+--------+-----+--------+

Top non-repeatable levels by time:
     D:2: 1059 daAuts
     D:1: 1020 daAuts
     D:4: 1001 daAuts
     D:3: 928 daAuts
     D:5: 445 daAuts
 Abyss:1: 329 daAuts
 Abyss:3: 61 daAuts
 Abyss:2: 28 daAuts
